Map: Backwater LE

Players

CinDra - Winner!

  • Race: Zerg Zerg
  • League: Gold
  • Spawn Location: 11:00

TheAsianOne

  • Race: Terran Terran
  • League: Platinum
  • Spawn Location: 5:00

VOD

Have the link to the VOD?

Description

Time

  • Played on: March 14, 2018, 11:36 p.m.
  • Length: 19:37
Show
View Real Time Build Order
Export as new Build Order

CinDra Zerg - Winner!

Build Orders: Hatch First 

Get SALT Encoding   

  12  0:03  Drone  
  13  0:12  Overlord  
  13  0:17  Drone  
  14  0:31  Drone x2  
  16  0:36  Drone  
  17  0:55  Hatchery, Drone  
  17  1:01  Drone  
  18  1:09  Extractor  
  17  1:16  Spawning Pool  
  17  1:17  Drone  
  17  1:22  Drone  
  18  1:31  Drone  
  19  1:40  Overlord  
  19  1:51  Drone  
  20  2:04  Zergling x2  
  20  2:06  Queen  
  20  2:08  Queen, Zergling x2  
  24  2:14  Metabolic Boost  
  26  2:18  Zergling x2  
  26  2:19  Drone  
  28  2:24  Drone  
  28  2:29  Drone  
  30  2:49  Drone  
  30  2:51  Drone x3  
  32  2:54  Queen  
  35  3:02  Hatchery  
  34  3:08  Drone x2  
  34  3:11  Overlord  
  36  3:30  Drone  
  36  3:31  Drone, Overlord  
  36  3:32  Drone x5  
  43  3:41  Drone, Spore Crawler  
  43  3:46  Spore Crawler  
  42  3:50  Drone x2  
  44  3:58  Drone, Overlord x2  
  44  3:59  Drone  
  46  4:14  Queen  
  48  4:28  Drone x10  
  58  4:43  Roach Warren  
  57  4:46  Evolution Chamber  
  56  4:57  Drone x2  
  56  4:58  Drone  
  56  4:59  Spore Crawler  
  58  5:01  Drone, Extractor  
  58  5:02  Drone x2  
  58  5:03  Drone x3  
  58  5:04  Overlord  
  63  5:13  Zerg Missile Weapons Level 1  
  63  5:32  Extractor x2  
  63  5:33  Drone x14  
  75  5:37  Lair  
  75  5:40  Roach  
  77  5:43  Overlord  
  77  5:50  Extractor x2  
  75  6:06  Roach x4  
  75  6:08  Roach  
  75  6:10  Zergling x10  
  90  6:12  Overlord  
  90  6:22  Overlord x3  
  90  6:32  Zergling x2  
  91  6:33  Zergling x4  
  91  6:34  Overlord x4  
  91  6:37  Glial Reconstitution  
  86  6:56  Roach x4  
  86  6:57  Roach x4  
  86  7:11  Roach  
  86  7:12  Roach x8  
  92  7:27  Zerg Missile Weapons Level 2  
  92  7:28  Hydralisk Den  
  91  7:40  Queen  
  93  7:58  Hydralisk x4  
  93  7:59  Hydralisk x7  
  115  8:10  Overseer x4  
  113  8:19  Hydralisk x3  
  117  8:28  Hydralisk x2  
  117  8:29  Queen  
  117  8:33  Hydralisk x2  
  127  8:36  Zergling x6  
  130  8:45  Hydralisk x3  
  136  8:54  Evolution Chamber  
  135  8:56  Drone  
  135  9:00  Grooved Spines  
  136  9:05  Drone x3  
  136  9:06  Drone x2  
  136  9:07  Hydralisk x2  
  136  9:08  Hydralisk x2  
  149  9:14  Overlord x2  
  149  9:21  Hydralisk x2  
  149  9:23  Overlord  
  153  9:29  Zerg Ground Armor Level 1  
  153  9:33  Overseer  
  153  9:38  Hydralisk x4  
  161  9:49  Hydralisk  
  161  9:50  Hydralisk x2  
  161  9:51  Overlord x7  
  167  10:05  Hydralisk  
  169  10:07  Overlord x6  
  169  10:08  Overlord  
  169  10:09  Hatchery  
  168  10:16  Infestation Pit, Muscular Augments  
  167  10:26  Hydralisk  
  167  10:27  Hydralisk x4  
  177  10:39  Zergling x8  
  170  10:55  Hydralisk x5  
  154  11:02  Hydralisk x6  
  164  11:26  Queen  
  164  11:27  Hydralisk x8  
  172  11:40  Hydralisk x3  
  166  12:15  Hydralisk x11  
  170  12:19  Zergling x2  
  189  12:24  Overseer x2, Extractor  
  189  12:27  Extractor  
  187  12:38  Hydralisk x4  
  187  12:41  Zergling x10  
  200  12:48  Hive  
  200  13:01  Zerg Ground Armor Level 2  
  192  13:27  Hydralisk  
  192  13:28  Hydralisk x3  
  192  13:33  Overseer  
  198  14:12  Hydralisk x4  
  198  14:13  Hydralisk x7  
  198  14:14  Zergling x2  
  199  14:47  Hatchery  
  198  15:08  Spire  
  168  15:28  Hydralisk x2  
  168  15:29  Hydralisk x15  
  168  15:30  Hydralisk x5  
  145  15:46  Hydralisk x12  
  109  16:06  Hydralisk x2  
  89  16:27  Hydralisk x4  
  76  17:23  Hatchery  
  69  17:45  Drone x2  
  69  17:46  Drone  
  61  18:36  Drone x3  
  64  18:54  Drone  
  64  18:55  Drone  
  66  18:56  Drone  
  66  19:02  Drone x2  
Show
View Real Time Build Order
Export as new Build Order

TheAsianOne Terran 

Build Orders: Reaper Expand 

Get SALT Encoding   

  12  0:01  SCV  
  13  0:13  SCV  
  14  0:18  Supply Depot  
  14  0:25  SCV  
  15  0:29  Refinery  
  15  0:41  Barracks  
  15  0:45  SCV  
  16  0:57  SCV  
  17  1:09  SCV  
  18  1:21  SCV  
  19  1:31  Barracks  
  19  1:33  Supply Depot  
  19  1:35  Reaper  
  19  1:38  Orbital Command  
  20  2:10  SCV  
  20  2:11  Command Center  
  20  2:13  Barracks Tech Lab  
  21  2:25  Factory  
  21  2:39  SCV  
  22  2:54  SCV  
  22  2:59  Barracks Reactor  
  22  3:04  Refinery  
  22  3:06  SCV  
  23  3:14  Starport  
  23  3:16  Marine  
  23  3:18  SCV  
  25  3:25  Hellion  
  27  3:30  Orbital Command  
  27  3:32  SCV  
  28  3:34  Marine  
  28  3:38  Marine x2  
  31  3:44  SCV  
  31  3:47  Factory Tech Lab  
  32  3:50  Medivac  
  34  3:56  Engineering Bay  
  34  4:00  SCV x2  
  36  4:05  Refinery x2  
  36  4:11  Marine x2  
  36  4:12  SCV  
  36  4:13  SCV  
  40  4:20  Medivac  
  40  4:22  Marine  
  43  4:29  Marine x2  
  43  4:30  SCV  
  46  4:35  Stimpack  
  46  4:45  Supply Depot  
  46  4:46  Supply Depot  
  46  5:01  Barracks  
  46  5:05  Siege Tank, Marine, SCV x2  
  52  5:13  Terran Infantry Weapons Level 1  
  52  5:15  Starport Tech Lab  
  52  5:18  SCV x2  
  52  5:21  Barracks  
  54  5:24  Armory  
  54  5:28  Marine x3  
  55  5:30  SCV x2  
  59  5:37  Cloaking Field  
  59  5:39  Banshee  
  62  5:46  Marine x3  
  62  5:48  SCV x2  
  67  6:02  Command Center  
  67  6:03  Marine, Barracks Reactor  
  67  6:04  Marine x2  
  70  6:49  Marine  
  70  6:52  Marine  
  70  6:55  SCV  
  70  6:56  SCV  
  70  6:57  Marine  
  70  7:01  Siege Tank  
  69  7:07  Marine x2, SCV  
  70  7:14  Marine x3, SCV, Medivac  
  75  7:25  Marine x2  
  77  7:32  Marine x3  
  77  7:33  Siege Tank  
  83  7:42  Marine  
  83  7:43  Marine  
  85  8:13  Siege Tank  
  78  8:28  SCV x2  
  78  8:30  Orbital Command  
  80  8:40  Command Center  
  80  8:52  Supply Depot  
  80  8:53  Supply Depot  
  80  8:57  Barracks  
  80  8:58  Barracks x2  
  80  9:03  Starport  
  80  9:04  Fusion Core  
  80  9:05  Terran Vehicle And Ship Armor Level 1, Terran Infantry Weapons Level 2  
  80  9:06  Barracks Reactor  
  80  9:18  Marine x5  
  80  9:23  Supply Depot  
  85  9:28  Supply Depot  
  85  9:32  SCV x3  
  88  9:40  Smart Servos  
  88  9:43  Starport Reactor  
  88  9:44  SCV x3  
  91  9:48  Supply Depot  
  91  9:51  Marine, Supply Depot  
  91  9:52  Marine x9  
  101  9:56  SCV x3  
  101  9:58  Refinery  
  104  10:08  SCV x3, Siege Tank  
  104  10:09  Marine x2  
  104  10:11  Supply Depot  
  104  10:13  Barracks Reactor x2  
  114  10:19  Marine  
  114  10:20  Marine x4, Barracks Reactor  
  119  10:27  Marine x2  
  119  10:29  Raven  
  119  10:31  Medivac x2  
  125  10:37  Marine  
  125  10:38  Marine  
  125  10:40  Siege Tank  
  125  10:41  Refinery  
  130  10:43  Planetary Fortress  
  130  10:46  SCV  
  130  10:47  SCV x2  
  89  11:01  Marine x7, Medivac x2  
  89  11:02  Marine x3  
  97  11:12  Siege Tank  
  66  11:36  Marine  
  66  11:37  Marine x12  
  61  11:54  Marine  
  61  11:57  Marine x9  
  61  11:58  Marine x2  
  61  11:59  Siege Tank  
  61  12:00  Marine  
  77  12:07  Medivac x2  
  81  12:14  Terran Vehicle And Ship Armor Level 2  
  81  12:16  Terran Infantry Weapons Level 3  
  81  12:29  Command Center  
  81  12:31  Marine  
  81  12:32  Marine x9  
  81  12:33  Liberator x2, Marine x2  
  81  12:35  Siege Tank  
  96  12:37  Marine  
  96  12:43  Advanced Ballistics  
  97  12:49  Raven  
  105  12:58  Refinery  
  105  13:03  Refinery  
  105  13:07  Siege Tank  
  105  13:11  SCV x2  
  108  13:40  SCV  
  109  13:42  Supply Depot x2  
  109  13:44  Orbital Command  
  109  13:46  Liberator  
  109  14:04  SCV x2  
  109  14:06  Supply Depot  
  109  14:07  Supply Depot  
  114  14:15  Factory  
  114  14:16  SCV  
  115  14:24  Marine x4  
  115  14:25  Marine x6  
  115  14:28  Marine x3  
  115  14:29  Medivac x2  
  115  14:30  Supply Depot  
  132  14:42  Marine x9  
  141  14:51  Marine, SCV x3  
  145  15:02  Marine x4  
  149  15:19  SCV  
  149  15:28  Marine  
  149  15:29  Marine x2, SCV x2  
  149  15:30  Marine  
  149  15:31  Marine x2  
  149  15:32  Siege Tank  
Tags
 
Add a new tag
Caveats
  • Supply blocks, unpowered buildings, or Contaminate may cause inaccurate times.
  • Supply counts are checked every 10 seconds.